 Dungeon Crawl Stone Soup version 0.19-a0-1511-g16f215b (webtiles) character file.

28 Lianjan the Grave Robber (level 3, -6/24 HPs)
             Began as a Human Necromancer on Sept 11, 2016.
             Mangled by a worm (7 damage)
             ... on level 2 of the Dungeon.
             The game lasted 00:06:38 (1223 turns).

Lianjan the Grave Robber (Human Necromancer)        Turns: 1223, Time: 00:06:39

Health: -6/24      AC:  7    Str:  8    XL:     3   Next: 30%
Magic:  0/6        EV: 12    Int: 16    God:
Gold:   52         SH:  0    Dex: 13    Spells: 3 memorised, 1 level left

rFire  . . .     SeeInvis .       - Unarmed
rCold  . . .     Gourm    .     a - +0 robe
rNeg   . . .     Faith    .     (no shield)
rPois  .         Spirit   .     (no helmet)
rElec  .         Dismiss  .     (no cloak)
rCorr  .         Reflect  .     (no gloves)
MR     .....     Harm     .     e - +1 pair of boots
Stlth  ++........               (no amulet)
                                (no ring)
                                g - +3 ring of protection

@: no status effects
A: no striking features
a: no special abilities


You were on level 2 of the Dungeon.
You were not hungry.

You visited 1 branch of the dungeon, and saw 2 of its levels.

You collected 52 gold pieces.

Inventory:

Missiles
 n - 2 poisoned tomahawks (quivered)
Armour
 a - a +0 robe (worn)
 e - a +1 pair of boots (worn)
Jewellery
 g - a +3 ring of protection (left hand)
 o - a cursed ring of loudness {unknown}
Scrolls
 d - a scroll of amnesia {unknown}
 h - a scroll of remove curse {unknown}
 j - a scroll of identify {unknown}
 m - a scroll of teleportation {unknown}
Potions
 i - a potion of cure mutation {unknown}
Books
 b - a book of Necromancy

   Spells                             Type                      Level
   a - Pain                           Necromancy                   1
   b - Animate Skeleton               Necromancy                   1
   c - Vampiric Draining              Necromancy                   3
   d - Regeneration                   Charms/Necromancy            3
   e - Animate Dead                   Necromancy                   4
   f - Control Undead                 Necromancy                   4
Comestibles
 c - a bread ration
 f - 2 chunks of flesh
 k - 3 fruits
 l - a meat ration


   Skills:
 - Level 2.0 Dodging
 - Level 2.0 Stealth
 + Level 1.1 Unarmed Combat
 - Level 2.0 Spellcasting
 + Level 0.0 Charms
 * Level 4.7 Necromancy


You had one spell level left.
You knew the following spells:

 Your Spells              Type           Power        Failure   Level  Hunger
a - Pain                  Necr           ###.         3%          1    #......
b - Animate Skeleton      Necr           N/A          3%          1    #......
c - Regeneration          Chrm/Necr      #.........   28%         3    ###....


Dungeon Overview and Level Annotations

Branches:
Dungeon (2/15)

Altars:


Message History

Aim: a worm (heavily wounded, chance to defeat MR: 81%)
The worm writhes in agony!
Casting: Pain
Confirm with . or Enter, or press ? or * to list all spells.
Aiming: Pain
Press: ? - help, Shift-Dir - straight line, f/p - worm
Aim: a worm (severely wounded, chance to defeat MR: 81%)
The worm barely resists.
The worm misses you.
You open the door.
A jackal comes into view.
There is an open door here.
Casting: Pain
Confirm with . or Enter, or press ? or * to list all spells.
Aiming: Pain
Press: ? - help, Shift-Dir - straight line, f/p - worm
Aim: a worm (heavily wounded, chance to defeat MR: 81%)
The worm writhes in agony!
The jackal bites you but does no damage.
The jackal barely misses you. The worm bites you!
You die...

######.### #........
#......#### #.
#.......... ....
##'##.######.#.#
###..............#
#.........####.#.###
#.#hw...#...##......
#.#.@.....#.#...# #
##....#.#.....#
#..#.#%#.....#
#..###.##....#
#......##......... #.
##................
#.###................
#.......#.#..........
#....##.#.#.##+######


You could see a worm and a jackal.

Vanquished Creatures
  An ooze (D:1)
  5 bats (D:1)
  A giant cockroach (D:1)
  A hobgoblin (D:1)
  2 jackals (D:2)
  8 giant newts (D:1)
  A goblin (D:1)
  6 kobolds
  A rat (D:1)
26 creatures vanquished.

Vanquished Creatures (collateral kills)
  A giant newt (D:1)
1 creature vanquished.

Grand Total: 27 creatures vanquished

Notes
Turn   | Place    | Note
-------+----------+-------------------------------------------
     0 | D:1      | Lianjan the Human Necromancer began the quest for the Orb.
     0 | D:1      | Reached XP level 1. HP: 13/13 MP: 3/3
    21 | D:1      | Learned a level 1 spell: Animate Skeleton
   371 | D:1      | Reached XP level 2. HP: 19/19 MP: 3/5
   654 | D:1      | Reached skill level 1 in Unarmed Combat
   654 | D:1      | Reached XP level 3. HP: 10/24 MP: 6/6
   659 | D:1      | Learned a level 3 spell: Regeneration
  1223 | D:2      | Mangled by a worm

Vault maps used:
D:1:      dpeg_arrival_three_smaller_balls, minmay_newt_pond
D:2:      marbit_many_paths, okawaru_metal_pillars_1_2, lemuel_round_altar

Skill      XL: |  1  2 |
---------------+-------+-----
Unarmed Combat | 1 |  1.1
Dodging        | |  2.0
Stealth        | |  2.0
Spellcasting   | |  2.0
Necromancy     | |  4.7

Action                   || total
-------------------------++-------
Melee: Unarmed           ||    80
 Cast: Pain              ||    29
       Animate Skeleton  ||     5
       Regeneration      ||     1
 Stab: Sleeping          ||     1
  Eat: Chunk             ||     2
Armor: Robe              ||    26
Dodge: Dodged            ||    56
